[ AOE2 MATCH · #505712694 ]
UnrankedArmenians vs Mongols
Player's team · LOSS
Rival team · WIN
[ REPLAY ANALYSIS · EXTRACTED FROM THE RECORDED GAME ]
Feudal
—
Castle
—
Imperial
—
| APM avg | 53.3 |
| APM peak | 83 |
| eAPM avg | 18.4 |
| Villagers / military | 20 / 3 |
Focus
⚔️ 36.7% · 🌾 63.3%
Militia ×3
Feudal
7:47
Castle
—
Imperial
—
| APM avg | 87.1 |
| APM peak | 107 |
| eAPM avg | 32.4 |
| Villagers / military | 24 / 6 |
Focus
⚔️ 56.6% · 🌾 43.4%
Militia ×5 · Spearman ×1
Match map
Initial resources + every placement click. Lines = walls · curves = elevation contours. ◆ gold · ⬟ stone · ● berries · ✦ relic · ◌ wall gap
Your base
DS_Gabo's base
Smoothed initial terrain · ◌ = detected wall gap · hover for details
Inputs per minute
— SHell | ANDÃO - - DS_Gabo
Build order — SHell | ANDÃO
40 actions detected in the replay
| 0:02 | Create | Villager (Male) |
| 0:02 | Build | House |
| 0:04 | Build | House |
| 0:15 | Create | Villager (Male) |
| 0:15 | Create | Villager (Male) |
| 0:15 | Create | Villager (Male) |
| 1:35 | Create | Villager (Male) |
| 1:35 | Create | Villager (Male) |
| 1:44 | Build | Mule Cart |
| 1:54 | Create | Villager (Male) |
| 2:23 | Create | Villager (Male) |
| 2:46 | Create | Villager (Male) |
| 2:46 | Create | Villager (Male) |
| 2:59 | Build | House |
| 3:01 | Build | House |
| 3:10 | Create | Villager (Male) |
| 3:10 | Create | Villager (Male) |
| 3:27 | Create | Villager (Male) |
| 3:28 | Create | Villager (Male) |
| 3:50 | Create | Villager (Male) |
| 4:21 | Create | Villager (Male) |
| 4:22 | Create | Villager (Male) |
| 4:22 | Create | Villager (Male) |
| 4:39 | Build | Barracks |
| 4:45 | Create | Villager (Male) |
| 5:25 | Research | Loom |
| 5:37 | Build | Mule Cart |
| 5:49 | Create | Villager (Male) |
| 6:43 | Research | Feudal Age |
| 6:43 | Research | Feudal Age |
| 6:44 | Research | Feudal Age |
| 7:10 | Build | Mill |
| 7:14 | Create | Militia |
| 7:37 | Create | Militia |
| 8:11 | Create | Militia |
| 8:18 | Build | Palisade Wall |
| 8:19 | Build | Palisade Wall |
| 8:22 | Build | Palisade Wall |
| 8:26 | Build | Palisade Wall |
| 8:27 | Build | Palisade Wall |
Build order — DS_Gabo
42 actions detected in the replay
| 0:00 | Create | Villager (Male) |
| 0:01 | Create | Villager (Male) |
| 0:01 | Build | House |
| 0:02 | Build | House |
| 0:02 | Create | Villager (Male) |
| 0:03 | Create | Villager (Male) |
| 0:59 | Build | Lumber Camp |
| 1:07 | Create | Villager (Male) |
| 1:08 | Build | Lumber Camp |
| 1:28 | Create | Villager (Male) |
| 1:54 | Create | Villager (Male) |
| 2:13 | Create | Villager (Male) |
| 2:40 | Create | Villager (Male) |
| 3:00 | Create | Villager (Male) |
| 3:10 | Create | Villager (Male) |
| 3:26 | Build | House |
| 3:37 | Create | Villager (Male) |
| 3:53 | Build | Barracks |
| 4:04 | Create | Villager (Male) |
| 4:20 | Create | Villager (Male) |
| 4:29 | Create | Villager (Male) |
| 4:45 | Create | Villager (Male) ×2 |
| 4:45 | Create | Villager (Male) ×2 |
| 4:48 | Build | House |
| 5:03 | Create | Villager (Male) |
| 5:25 | Build | Mining Camp |
| 5:37 | Research | Feudal Age |
| 5:52 | Create | Militia |
| 5:57 | Create | Militia |
| 6:14 | Create | Militia |
| 6:51 | Create | Militia |
| 7:06 | Create | Militia |
| 7:26 | Build | House |
| 7:47 | Age | Feudal Age |
| 7:49 | Research | Man-at-Arms (upgrade) |
| 7:50 | Create | Villager (Male) |
| 8:04 | Build | Watch Tower |
| 8:12 | Create | Spearman |
| 8:15 | Research | Loom |
| 8:16 | Create | Villager (Male) |
| 8:16 | Create | Villager (Male) |
| 8:32 | Create | Villager (Male) |
Match timeline
| 3:53 | DS_Gabo · first_building Barracks |
| 4:39 | SHell | ANDÃO · first_building Barracks |
| 7:47 | DS_Gabo · age_up feudal |
| 8:18 | SHell | ANDÃO · wall_segment Palisade Wall x1 |
| 8:19 | SHell | ANDÃO · wall_segment Palisade Wall x1 |
| 8:22 | SHell | ANDÃO · wall_segment Palisade Wall x1 |
| 8:26 | SHell | ANDÃO · wall_segment Palisade Wall x1 |
| 8:27 | SHell | ANDÃO · wall_segment Palisade Wall x1 |
| 8:52 | SHell | ANDÃO · resign |
[ AI ANALYSIS · 1 CREDIT ]
What really happened in this match?
Wolo.gg analyzes every decision: build order, eco, micro, common mistakes by bracket. Personalized analysis on WhatsApp or Discord in 30 seconds.
Civ guide
Armenians
Perfil
Jugador #6184971